 Dungeon Crawl Stone Soup version 0.28-b1-25-g9875b3fc8c (webtiles) character file.

Game seed: 7197086367775149246

447 MisterFreud the Cudgeller (level 6, -3/59 HPs)
             Began as a Troll Berserker on Feb 1, 2022.
             Was a Priest of Trog.
             Slain by a gnoll sergeant (7 damage)
             ... on level 5 of the Dungeon.
             The game lasted 00:03:57 (2984 turns).

MisterFreud the Cudgeller (Troll Berserker)         Turns: 2984, Time: 00:03:58

Health: -3/59      AC:  5    Str: 26    XL:     6   Next: 73%
Magic:  5/5        EV: 10    Int:  5    God:    Trog [***...]
Gold:   259        SH:  0    Dex:  9    Spells: 5/5 levels left

rFire   . . .      SeeInvis .   q - +0 club (spect)
rCold   . . .      Faith    .   (no shield)
rNeg    . . .      Spirit   .   b - +0 animal skin
rPois   .          Reflect  .   (helmet restricted)
rElec   .          Harm     .   g - +0 cloak
rCorr   .          Rampage  .   (gloves unavailable)
Will    ++...                   (boots unavailable)
Stlth   +.........              (no amulet)
HPRegen 1.99/turn               (no ring)
MPRegen 0.09/turn               (no ring)

@: strong-willed, regenerating
A: large, unfitting armour, claws 3, regeneration 1, shaggy fur 1, tough skin 1
a: Renounce Religion, Berserk, Trog's Hand


You were on level 5 of the Dungeon.
You worshipped Trog.
Trog was most pleased with you.
You visited 1 branch of the dungeon, and saw 5 of its levels.

You collected 279 gold pieces.
You spent 20 gold pieces at shops.

Inventory:

Hand Weapons
 a - a +0 mace
 q - a +0 spectral club (weapon)
Missiles
 f - 6 poisoned darts
 i - 5 javelins
 r - 3 boomerangs (quivered)
Armour
 b - a +0 animal skin (worn)
 g - a +0 cloak (worn)
 n - a scarf of resistance
Wands
 o - a wand of flame (18)
 t - a wand of charming (9)
Scrolls
 c - 3 scrolls of teleportation {unknown}
 d - 3 scrolls of noise {unknown}
 e - a scroll of immolation {unknown}
 h - a scroll of acquirement {unknown}
 j - 2 scrolls of identify
 k - a scroll of magic mapping {unknown}
 s - a scroll of amnesia {unknown}
Potions
 l - a potion of flight {unknown}
 m - a potion of curing {unknown}
 p - a potion of lignification {unknown}
 u - a potion of haste {unknown}


   Skills:
 - Level 2.5 Fighting
 + Level 6.9 Maces & Flails
 - Level 2.5 Dodging


You had 5 spell levels left.
You didn't know any spells.
Your spell library was empty.

Dungeon Overview and Level Annotations

Branches:
Dungeon (5/15)             Temple (0/1) D:4

Altars:

Shops:
D:3 ?   D:4 (


Innate Abilities, Weirdness & Mutations

You are too large for most types of armour.
You have claws for hands.
Your natural rate of healing is unusually fast.
You are covered in fur. (AC +1)
You have tough skin. (AC +1)


Message History

The gnoll hits you from afar with a +0 halberd.
The gnoll sergeant hits you with a +0 spear.
You hit the gnoll sergeant but do no damage.
The gnoll sergeant is moderately wounded.
Your +0 spectral club hits the gnoll sergeant.
The gnoll hits you from afar with a +0 halberd.
The gnoll sergeant barely misses you.
You hit the gnoll sergeant.
The gnoll sergeant is heavily wounded.
Your +0 spectral club hits the gnoll sergeant but does no damage.
The gnoll hits you from afar with a +0 halberd!
The gnoll sergeant hits your +0 spectral club with a +0 spear!
Your spectral weapon shares its damage with you!
You hit the gnoll sergeant.
The gnoll sergeant is severely wounded.
Your +0 spectral club hits the gnoll sergeant.
The gnoll barely misses you.
The gnoll sergeant hits you with a +0 spear!
* * * LOW HITPOINT WARNING * * *
You barely miss the gnoll sergeant.
The gnoll sergeant is almost dead.
Your +0 spectral club hits the gnoll sergeant but does no damage.
The gnoll hits you from afar with a +0 halberd.
* * * LOW HITPOINT WARNING * * *
The gnoll sergeant hits you but does no damage.
Unknown command.
The gnoll sergeant hits you from afar with a +0 spear!
* * * LOW HITPOINT WARNING * * *
The gnoll shaman calls upon its god to heal the gnoll sergeant.
The gnoll sergeant is healed somewhat.
The gnoll shaman calls upon its god to speed up the gnoll.
The gnoll seems to speed up.
The gnoll shaman calls upon its god to speed up something.
Your skin crawls.
You feel strong-willed.
The gnoll sergeant hits you but does no damage.
The gnoll hits you from afar with a +0 halberd!
* * * LOW HITPOINT WARNING * * *
The gnoll sergeant hits you with a +0 spear!
You die...

#.##.##.....####......#... ...
#.......g...##........#..##..##
....###..g.....#......#........
.. #...#g.......##......#...
#...##.#..#..##.#..#...#
#...##....#.†##........##.
#...###.g.#..##...........
#...# #.#g#........##..# #...#
#.#@#...#........#.# ####
#.#.................
#.#............#....
#.#............#.###
#..............#.#
........#......#.#
##......###.#....#
##.##.####.#.#..###
..................


You could see a gnoll sergeant, a gnoll shaman and 3 gnolls.

Vanquished Creatures
  A black bear (D:4)
  A scorpion (D:4)
  A jelly (D:5)
  Jessica (D:2)
  Ijyb (D:3)
  7 gnolls
  5 adders
  3 worms
  10 orcs (D:3)
  9 ball pythons
  3 bats
  10 endoplasms
  3 giant cockroaches
  6 hobgoblins
  4 jackals (D:2)
  6 kobolds
  2 quokkas
  4 frilled lizards
  5 goblins
  6 rats
88 creatures vanquished.

Vanquished Creatures (others)
  10 plants
  A withered plant (D:2)
11 creatures vanquished.

Grand Total: 99 creatures vanquished

Notes
Turn   | Place    | Note
-------+----------+-------------------------------------------
     0 | D:1      | MisterFreud the Troll Berserker began the quest for the
                  | Orb.
     0 | D:1      | Reached XP level 1. HP: 22/22 MP: 0/0
   171 | D:1      | Reached skill level 3 in Maces & Flails
   171 | D:1      | Reached XP level 2. HP: 25/29 MP: 1/1
   274 | D:1      | Reached XP level 3. HP: 36/36 MP: 2/2
   388 | D:1      | Reached ** piety under Trog
   741 | D:2      | Noticed Jessica
   747 | D:2      | Killed Jessica
   748 | D:2      | Reached skill level 4 in Maces & Flails
   824 | D:2      | Reached XP level 4. HP: 20/44 MP: 3/3
  1048 | D:2      | Reached skill level 5 in Maces & Flails
  1317 | D:3      | Found Rounud's Magic Scroll Emporium.
  1323 | D:3      | Bought a scroll of identify for 20 gold pieces
  1379 | D:3      | Reached XP level 5. HP: 48/50 MP: 4/4
  1570 | D:3      | Found a faded altar of an unknown god.
  1570 | D:3      | Noticed a shining eye
  1573 | D:3      | Noticed a golden eye
  1577 | D:3      | Noticed a shining eye
  1579 | D:3      | Reached *** piety under Trog
  1615 | D:3      | Noticed an eye of devastation
  1884 | D:3      | Noticed Ijyb
  1897 | D:3      | Killed Ijyb
  2207 | D:4      | Found Wuthyr's Antique Weapon Shop.
  2328 | D:4      | Noticed a black bear
  2339 | D:4      | Killed a black bear
  2340 | D:4      | Reached skill level 6 in Maces & Flails
  2340 | D:4      | Reached XP level 6. HP: 59/59 MP: 5/5
  2416 | D:4      | Found a staircase to the Ecumenical Temple.
  2855 | D:5      | Entered Level 5 of the Dungeon
  2974 | D:5      | HP: 1/59 [gnoll sergeant (9)]
  2984 | D:5      | Slain by a gnoll sergeant

Illustrated notes

Levels and vault maps discovered:
D:1:      tarquinn_simple_flora_water_a, layout_loops_ring,
          nicolae_grassy_gnolls
D:2:      layout_basic, serial_undead, serial_undead_a, serial_undead_f,
          serial_undead_c, serial_undead_f, minmay_misc_feat_alley, uniq_jessica
D:3:      layout_basic, serial_shops, nicolae_square_shop,
          hellmonk_ecumenical_altar_watching_god, serial_forest,
          infiniplex_forest_clump_tiny, infiniplex_forest_diagonal,
          infiniplex_forest_lined_3, infiniplex_forest_straight_3,
          infiniplex_forest_clump_cross, infiniplex_forest_pool,
          infiniplex_forest_lined_3, infiniplex_forest_lined_3,
          infiniplex_forest_end_double, infiniplex_forest_end_1,
          grunt_ministairs_13, glass_columns_a, uniq_ijyb
D:4:      layout_gridville, temple_hall, serial_shops, shop
D:5:      layout_basic, hangedman_decor_points

Skill      XL: |  1  2  3  4  5 |
---------------+----------------+-----
Maces & Flails | 3 4 5 6 |  6.9
Fighting       | |  2.5
Dodging        | |  2.5

Action                   |  1- 3 |  4- 6 || total
-------------------------+-------+-------++-------
Melee: Mace              |    86 |   153 ||   239
       Punch             |     1 |     1 ||     2
       Club              |       |    56 ||    56
Invok: Berserk           |       |     2 ||     2
       Trog's Hand       |       |     1 ||     1
  Use: Scroll            |       |     2 ||     2
 Stab: Distracted        |       |     1 ||     1
Armor: Animal skin       |    32 |    82 ||   114
Dodge: Dodged            |    49 |   103 ||   152
